 Dungeon Crawl Stone Soup version 0.32-a0-886-g41c5271027 (webtiles) character file.

Game seed: 13462428797260883577

280505 jasper the Executioner (level 19, 0/277 HPs)
             Began as a Minotaur Berserker on Apr 2, 2024.
             Was the Champion of Trog.
             Slain by a yaktaur captain (8 damage)
             ... on level 2 of the Vaults.
             The game lasted 01:39:45 (42753 turns).

jasper the Executioner (Minotaur Berserker)        Turns: 42753, Time: 01:39:45

Health: 0/277      AC: 24    Str: 27    XL:     19   Next: 68%
Magic:  18/18      EV: 20    Int:  4    God:    Trog [******]
Gold:   2685       SH:  0    Dex: 16    Spells: 18/18 levels left

rFire   + . .        v - +9 executioner's axe (flame)
rCold   + . .        (shield currently unavailable)
rNeg    + . .        f - +0 plate armour of the Moon {rN+ Will+}
rPois   +            G - +1 hat
rElec   +            V - +1 cloak {Will+}
rCorr   +            L - +0 pair of gloves
SInv    .            P - +2 pair of slick slippers {slick, slippery, EV+4}
Will    +++..        a - amulet of regeneration Stlth
                     E - ring "Nuijudd" {rElec rPois rF+ rCorr}
HPRegen 1.46/turn    N - ring "Axuhezun" {rC+ Dex+3}
MPRegen 0.16/turn

%: no passive effects
@: berserking, corroded, very quick
A: horns 2, retaliatory headbutt
}: 2/15 runes: decaying, serpentine
a: Renounce Religion, Berserk, Trog's Hand, Brothers in Arms


You were on level 2 of the Vaults.
You worshipped Trog.
Trog was exalted by your worship.
You visited 6 branches of the dungeon, and saw 33 of its levels.
You visited 1 bazaar.
You also visited: Sewer, Ossuary, Bailey and Ice Cave.

You collected 6621 gold pieces.
You spent 3936 gold pieces at shops.

Inventory:

Hand Weapons
 v - a +9 executioner's axe of flaming (weapon)
Missiles
 i - 5 curare-tipped darts
 o - 20 javelins
 C - 4 silver javelins
 Q - 11 boomerangs (quivered)
 R - 23 throwing nets
Armour
 f - the +0 plate armour of the Moon (worn) {rN+ Will+}
   (You bought it in a shop on level 2 of the Orcish Mines)

   rN+:       It protects you from negative energy.
   Will+:     It increases your willpower.
 r - a scarf of resistance
 G - a +1 hat (worn)
 L - a +0 pair of gloves (worn)
 P - the +2 pair of slick slippers (worn) {slick, slippery, EV+4}
   (You found it on level 12 of the Dungeon)

   Slick:     Its wearer cannot be constricted, engulfed, netted, webbed, or
   stopped by binding sigils.
   Slippery:  Its wearer slips away from damaging melee attacks, pulling the
   attacker onward.
   EV+4:      It affects your evasion (+4).
 V - a +1 cloak of willpower (worn)
Jewellery
 a - an amulet of regeneration (around neck)
 g - a ring of see invisible
 w - a ring of flight
 E - the ring "Nuijudd" (left hand) {rElec rPois rF+ rCorr}
   (You bought it in a shop on level 2 of the Orcish Mines)

   [ring of protection from fire]

   rF+:       It protects you from fire.
   rElec:     It insulates you from electricity.
   rPois:     It protects you from poison.
   rCorr:     It protects you from acid and corrosion.
 N - the ring "Axuhezun" (right hand) {rC+ Dex+3}
   (You found it on level 5 of the Lair of Beasts)

   [ring of protection from cold]

   Dex+3:     It affects your dexterity (+3).
   rC+:       It protects you from cold.
 T - the ring of the Salmon {rElec Str+4 Slay+4 Stlth+}
   (You bought it in a shop on level 2 of the Orcish Mines)

   [ring of slaying]

   Str+4:     It affects your strength (+4).
   Slay+4:    It affects your accuracy & damage with ranged weapons and melee
   (+4).
   rElec:     It insulates you from electricity.
   Stlth+:    It makes you more stealthy.
Wands
 M - a wand of acid (4)
 X - a wand of warping (32)
 Z - a wand of polymorph (15)
Scrolls
 e - 7 scrolls of blinking
 j - 7 scrolls of fog
 k - 19 scrolls of teleportation
 l - a scroll of butterflies
 n - a scroll of fear
 q - 2 scrolls of silence
 u - 10 scrolls of noise
 y - a scroll of revelation
 z - 3 scrolls of poison
 B - a scroll of immolation
 H - 2 scrolls of enchant armour
 I - a scroll of torment
 K - 3 scrolls of enchant weapon
 O - 4 scrolls of vulnerability
 W - 20 scrolls of identify
Potions
 b - 5 potions of might
 c - 7 potions of mutation
 d - 21 potions of curing
 h - 7 potions of attraction
 m - a potion of ambrosia
 p - 7 potions of cancellation
 s - 12 potions of enlightenment
 A - 6 potions of lignification
 D - 4 potions of resistance
 F - a potion of invisibility
 J - 9 potions of haste
 S - 2 potions of heal wounds
 U - 2 potions of berserk rage
Miscellaneous
 t - a phantom mirror
 x - a tin of tremorstones (2/2)
 Y - a box of beasts


   Skills:
 - Level 20.0 Fighting
 - Level 24.0 Axes
 + Level 10.1 Throwing
 - Level 20.0 Armour
 * Level 18.5 Dodging


You had 18 spell levels left.
You didn't know any spells.
Your spell library was empty.

Dungeon Overview and Level Annotations

Branches:
Dungeon (14/15)            Temple (0/1) D:5            Lair (5/5) D:11
  Swamp (4/4) Lair:2        Snake (4/4) Lair:2        Slime (0/5) Lair:4
    Orc (2/2) D:11            Elf (0/3) Orc:2        Vaults (4/5) D:13
  Crypt (0/3) Vaults:2      Sewer (visited)         Ossuary (visited)
 Bailey (visited)           IceCv (visited)

Altars:
Ashenzari
Cheibriados
Dithmenos
Gozag
Hepliaklqana
Kikubaaqudgha
Nemelex Xobeh
Qazlal
Vehumet
Yredelemnul
Zin
Beogh

Shops:
D:10 [   Orc:1 *   Orc:2 :=![   Snake:3 ?

Annotations:
D:5 2 transporters, Biggs's ghost, novice CoHu
D:14 Agnes
Lair:1 3 runed translucent doors, Plog's ghost, journeyman TrFi


Innate Abilities, Weirdness & Mutations

You have a pair of horns on your head.
You reflexively headbutt those who attack you in melee.


Message History

You slash the vault warden! You burn the vault warden.
You slash the ironbound frostheart! You burn the ironbound frostheart.
The entropy weaver completely misses you.
The entropy weaver hits you but does no damage.
The entropy weaver completely misses you.
The entropy weaver hits you but does no damage.
The ironbound frostheart closely misses you.
The vault warden completely misses you.
You slice the entropy weaver!! You burn the entropy weaver!
Your headbutt misses the entropy weaver.
The entropy weaver is almost dead.
You hit the ironbound frostheart. You burn the ironbound frostheart.
You closely miss the vault warden. You slice the entropy weaver!!
You burn the entropy weaver.
You kill the entropy weaver!
Trog accepts your kill.
Trog appreciates your killing of a magic user.
You slice the ironbound frostheart!! You burn the ironbound frostheart.
You hit the vault warden. You burn the vault warden. You slice the arcanist!!
You burn the arcanist. You headbutt the arcanist!
The arcanist is severely wounded.
You open the vault warden like a pillowcase!!!
You burn the vault warden.
You kill the vault warden!
Trog accepts your kill.
Trog appreciates your killing of a magic user.
You slice the ironbound frostheart!! You burn the ironbound frostheart!
You feel the power of Trog in you as your rage grows.
You kill the ironbound frostheart!
Trog accepts your kill.
Trog appreciates your killing of a magic user.
You barely miss the arcanist.
The arcanist is severely wounded.
You slash the yaktaur captain! You burn the yaktaur captain.
The arcanist misses you.
You barely miss the arcanist. You headbutt the arcanist.
The arcanist is almost dead.
You slice the yaktaur captain!! You burn the yaktaur captain!
The yaktaur captain hits you!
You die...

..# # ###### #### #
.....# #... ## ####.#
#..., #. #.# #..### ##.
#.# #..#. #.. #.# #..p
##.. #.# #cp# #..# #.#
#)@# #..) #.# #)[# #..†
#.# #..#######. #..#
####.# #.......... ##..
.⌠⌠⌠.# #.[[[...... #..
##+++############'######
##. #...)))[...#..)#)).#
#. #.########.#..))[..#
## #........#.#.......#


You could see a yaktaur captain, a vault sentinel and an arcanist (fast).

Vanquished Creatures
  Mara (Swamp:3)
  Saint Roka (Orc:2)
  the Lernaean hydra (Swamp:4)
  A tentacled monstrosity (Vaults:4)
  Jorgrun (Swamp:1)
  A sphinx (Vaults:3)
  Frances (Swamp:1)
  4 thorn hunters
  13 nagarajas
  2 fenstrider witches
  8 vault wardens
  Louise (Swamp:2)
  2 ghouls (Swamp:3)
  2 orc warlords
  7 ironbound preservers
  2 formless jellyfish
  A stone giant (Vaults:2)
  3 ironbound thunderhulks
  4 eleionomae
  2 vampire knights (Vaults:2)
  3 bunyips
  5 dire elephants
  Snorg (Orc:2)
  A war gargoyle (Vaults:2)
  2 entropy weavers
  7 yaktaur captains
  An ettin (Orc:1)
  A shambling mangrove (Swamp:3)
  21 hydras
  Fannar (Orc:1)
  5 great orbs of eyes
  4 salamander tyrants
  A rakshasa (D:14)
  3 peacekeepers
  An ogre mage (Orc:2)
  9 vault guards
  3 anacondas
  2 catoblepae
  11 ironbound frosthearts
  2 ghost crabs (Swamp:4)
  8 alligators
  6 boulder beetles
  Erica (Orc:1)
  5 centaur warriors
  A tengu warrior (D:12)
  5 two-headed ogres
  A death yak (Lair:4)
  14 naga sharpshooters
  Urug (D:12)
  23 naga warriors
  Sonja (D:12)
  Nergalle (Orc:1)
  6 shock serpents
  3 salamander mystics (Snake:3)
  5 skysharks
  6 goliath frogs
  A skeletal warrior (D:14)
  5 spriggan druids
  6 mana vipers
  15 deep trolls
  4 arcanists
  13 bog bodies
  A harpy (Vaults:3)
  A glowing orange brain (Vaults:3)
  8 swamp dragons
  4 naga ritualists (Snake:4)
  4 lindwurms
  An obsidian statue (Orc:1)
  14 ironbound convokers
  2 obsidian bats (Orc:2)
  Pikel (D:6)
  A deep elf pyromancer (D:13)
  9 orc knights
  10 orc sorcerers
  A manticore (D:12)
  7 ugly things
  8 salamanders
  5 will-o-the-wisps
  A kobold blastminer (Orc:1)
  3 cyclopes
  6 elephants
  28 black mambas
  11 vault sentinels
  9 guardian serpents
  2 meliai (Lair:4)
  2 gargoyles
  21 cane toads
  17 naga magi
  3 ice statues (IceCv)
  A cane toad (shapeshifter) (D:13)
  3 kobold demonologists
  Jeremiah (D:7)
  6 rime drakes
  14 yaktaurs
  An efreet (D:12)
  Maggie (D:6)
  2 freezing wraiths
  5 komodo dragons
  Psyche (D:9)
  4 unseen horrors
  5 merfolk (D:12)
  6 trolls
  Prince Ribbit (D:7)
  A queen bee (Lair:4)
  12 tyrant leeches
  4 polar bears
  11 hornets
  30 blink frogs
  A culicivora (Orc:1)
  21 slime creatures
  37 yaks
  A water elemental (D:12)
  11 spriggans
  2 shadows
  3 vampires
  4 wraiths
  4 wyverns
  2 wargs (Orc:1)
  A steam dragon (D:8)
  6 basilisks
  A death yak simulacrum (IceCv)
  14 vampire mosquitoes
  Edmund (D:4)
  2 harpy simulacra (IceCv)
  39 nagas
  14 swamp worms
  5 acid dragons
  15 water moccasins
  11 swamp drakes
  21 orc warriors
  3 sky beasts
  A black bear (D:6)
  5 ice beasts (D:11)
  8 wolves
  10 ogres
  5 centaurs
  4 lemures (D:6)
  4 kobold brigands
  A weeping skull (Ossuary)
  A brain worm (Sewer)
  20 bullfrogs
  2 gnoll sergeants
  3 scorpions
  An elf skeleton (D:6)
  12 wights
  A burial acolyte (Ossuary)
  40 killer bees
  7 electric eels
  2 howler monkeys
  A centaur zombie (Ossuary)
  2 bombardier beetles
  A human zombie (D:6)
  8 orc priests
  3 hounds
  9 jellies
  Ijyb (D:4)
  Jessica (D:2)
  A human skeleton (D:6)
  An iguana (D:6)
  A hell rat (Lair:4)
  3 sleepcaps
  26 orc wizards
  4 polar bear simulacra (IceCv)
  A wolf simulacrum (IceCv)
  5 mummies (Ossuary)
  6 gnolls
  11 adders
  2 river rats
  A shadow imp (D:7)
  An ufetubus (D:6)
  4 ribbon worms
  6 dart slugs
  65 orcs
  15 ball pythons
  11 endoplasms
  6 giant cockroaches
  15 goblins
  19 hobgoblins
  A jackal (Sewer)
  8 quokkas
  13 bats
  8 frilled lizards
  2 gnoll zombies (Ossuary)
  17 kobolds
  2 kobold zombies (Ossuary)
  2 orc skeletons (D:6)
  4 orc zombies
  5 rats
1200 creatures vanquished.

Vanquished Creatures (collateral kills)
  Donald (Orc:2)
  The ghost of Hiush the Warrior, a journeyman OnGl of Uskayaw (Orc:1)
  Erolcha (Orc:2)
  A centaur warrior (D:13)
  An orc high priest (Orc:1)
  A meliai (Lair:4)
  A black mamba (Snake:2)
  3 trolls (Orc:1)
  2 merfolk (D:12)
  A warg (Orc:2)
  4 nagas (Snake:2)
  2 orc warriors
  An ice beast (D:11)
  An ogre (Orc:1)
  A killer bee (Lair:4)
  An orc wizard (Orc:2)
  An orc (Orc:2)
24 creatures vanquished.

Vanquished Creatures (others)
  A vault warden (Vaults:2)
  Maurice (D:11)
  A bloated husk (Swamp:2)
  A swamp worm (Swamp:2)
  A swamp drake (Swamp:4)
  3 orc wizards
  An orc (D:11)
  16 foxfires
25 creatures vanquished.

Grand Total: 1249 creatures vanquished

Notes
Turn   | Place    | Note
-------+----------+-------------------------------------------
     0 | D:1      | jasper the Minotaur Berserker began the quest for the Orb.
     0 | D:1      | Reached XP level 1. HP: 19/19 MP: 0/0
   303 | D:1      | Reached XP level 2. HP: 27/27 MP: 1/1
   335 | D:1      | Reached skill level 4 in Axes
  1420 | D:2      | Reached XP level 3. HP: 23/33 MP: 2/2
  1882 | D:2      | Reached ** piety under Trog
  2105 | D:2      | Found a radiant altar of Vehumet.
  2111 | D:2      | Noticed Jessica
  2117 | D:2      | Killed Jessica
  2118 | D:2      | Reached XP level 4. HP: 37/40 MP: 3/3
  2359 | D:2      | Reached skill level 5 in Axes
  2495 | D:2      | Found a faded altar of an unknown god.
  2511 | D:2      | Reached XP level 5. HP: 47/47 MP: 4/4
  3609 | D:3      | Found a shadowy altar of Dithmenos.
  4254 | D:4      | Noticed Edmund
  4336 | D:4      | Found a glowing drain.
  4345 | Sewer    | Entered a sewer
  4602 | Sewer    | Reached XP level 6. HP: 55/55 MP: 3/5
  4771 | Sewer    | Reached skill level 6 in Axes
  5263 | D:4      | Reached skill level 5 in Fighting
  5324 | D:5      | Entered Level 5 of the Dungeon
  5434 | D:5      | Found a broken altar of Ashenzari.
  5574 | D:5      | Reached *** piety under Trog
  5606 | D:5      | Found a staircase to the Ecumenical Temple.
  5959 | D:5      | Found a transporter.
  5964 | D:5      | Found a transporter.
  5965 | D:5      | Noticed Biggs's ghost (novice CoHu)
  5982 | D:5      | Reached XP level 7. HP: 51/61 MP: 6/6
  6138 | D:6      | Noticed Maggie
  6148 | D:6      | Killed Maggie
  6149 | D:6      | Reached skill level 7 in Axes
  6149 | D:6      | Reached skill level 5 in Armour
  6297 | D:6      | Reached skill level 5 in Dodging
  6389 | D:6      | Reached XP level 8. HP: 68/70 MP: 7/7
  6409 | D:6      | Reached skill level 8 in Axes
  6413 | D:6      | Found a sand-covered staircase.
  6418 | Ossuary  | Entered an ossuary
  6878 | D:6      | Reached skill level 9 in Axes
  7206 | D:6      | Reached XP level 9. HP: 74/79 MP: 8/8
  7341 | D:6      | Noticed Pikel
  7393 | D:6      | Killed Pikel
  7394 | D:6      | Reached skill level 10 in Axes
  7665 | D:6      | Found a snail-covered altar of Cheibriados.
  7726 | D:6      | Found a basalt altar of Yredelemnul.
  7726 | D:6      | Found a stormy altar of Qazlal.
  8000 | D:7      | Noticed a two-headed ogre
  8044 | D:7      | Killed a two-headed ogre
  8045 | D:7      | Reached skill level 11 in Axes
  8289 | D:7      | Noticed Jeremiah
  8339 | D:7      | Killed Jeremiah
  8412 | D:7      | Noticed Prince Ribbit
  8436 | D:7      | Killed Prince Ribbit
  8437 | D:7      | Reached XP level 10. HP: 86/90 MP: 9/9
  8701 | D:7      | Found a hazy altar of Hepliaklqana.
  8985 | D:8      | Noticed a boulder beetle
  9147 | D:8      | Reached skill level 12 in Axes
  9166 | D:8      | Killed a boulder beetle
  9174 | D:8      | Reached skill level 13 in Axes
  9241 | D:8      | Found a flagged portal.
  9250 | D:8      | Reached **** piety under Trog
  9264 | Bailey   | Entered a bailey
  9560 | Bailey   | Noticed an orc knight
  9572 | Bailey   | Reached skill level 14 in Axes
  9589 | Bailey   | Killed an orc knight
  9831 | Bailey   | Noticed an orc sorcerer
  9832 | Bailey   | Paralysed by an orc sorcerer for 5 turns
  9840 | Bailey   | Killed an orc sorcerer
  9882 | Bailey   | Acquired the ring of Lonexep {rPois EV+5}
  9896 | Bailey   | Found the +10 Black Knight's barding {ponderous, rPois rN+}
 10085 | Bailey   | Found an iron altar of Okawaru.
 10087 | Bailey   | Noticed an orc sorcerer
 10097 | Bailey   | Killed an orc sorcerer
 10098 | Bailey   | Reached XP level 11. HP: 95/95 MP: 10/10
 10138 | Bailey   | Reached skill level 15 in Axes
 10519 | D:8      | Noticed a two-headed ogre
 10801 | D:4      | Killed Edmund
 11000 | D:4      | Found a sparkling altar of Nemelex Xobeh.
 11000 | D:4      | Found a transporter.
 11060 | D:4      | Noticed Ijyb
 11066 | D:4      | Killed Ijyb
 11358 | D:8      | Killed a two-headed ogre
 12277 | D:9      | Found a glowing silver altar of Zin.
 12902 | D:9      | Noticed Psyche
 12913 | D:9      | Killed Psyche
 13098 | D:10     | Entered Level 10 of the Dungeon
 13220 | D:10     | Noticed a two-headed ogre
 13227 | D:10     | Killed a two-headed ogre
 13823 | D:10     | Found Wydwadon's Armour Emporium.
 13831 | D:10     | Bought a +1 cloak of willpower for 198 gold pieces
 13947 | D:10     | Reached skill level 16 in Axes
 14007 | D:10     | Noticed a two-headed ogre
 14021 | D:10     | Killed a two-headed ogre
 14022 | D:10     | Reached skill level 10 in Fighting
 14288 | D:10     | Noticed a two-headed ogre
 14309 | D:10     | Killed a two-headed ogre
 14678 | D:11     | Noticed Maurice
 14965 | D:11     | Something stole a box of beasts (inert)
 15109 | D:11     | Reached skill level 10 in Armour
 15130 | D:11     | Noticed a soul eater
 15408 | D:11     | Reached XP level 12. HP: 107/107 MP: 11/11
 15417 | D:11     | Found a staircase to the Orcish Mines.
 15516 | D:11     | Maurice stole a +6 ring of strength
 15519 | D:11     | Maurice stole a +2 dire flail of protection
 15527 | D:11     | Maurice stole 6 javelins
 15528 | D:11     | Killed Maurice
 15650 | D:11     | Found a staircase to the Lair.
 16121 | Lair:1   | Entered Level 1 of the Lair of Beasts
 16671 | Lair:1   | Found a runed translucent gate.
 16672 | Lair:1   | Found a runed translucent gate.
 16672 | Lair:1   | Noticed Plog's ghost (journeyman TrFi)
 16687 | Lair:1   | Found a runed translucent gate.
 16770 | Lair:1   | Reached skill level 17 in Axes
 17584 | Lair:2   | Reached skill level 10 in Dodging
 17736 | Lair:2   | Found a staircase to the Swamp.
 17795 | Lair:2   | Identified the +3 leather armour of the Hurricane {Harm
                  | rElec Slay-2 SInv}
 17974 | Lair:2   | Reached ***** piety under Trog
 18076 | Lair:2   | Identified the +9 whip of the Lurker {flame, *Noise Str+2
                  | Int+8}
 18087 | Lair:2   | Found a staircase to the Snake Pit.
 18631 | Lair:3   | Noticed a catoblepas
 18642 | Lair:3   | Killed a catoblepas
 18887 | Lair:3   | Reached skill level 18 in Axes
 18960 | Lair:3   | Noticed a four-headed hydra
 18989 | Lair:3   | Killed a four-headed hydra
 18990 | Lair:3   | Reached XP level 13. HP: 117/117 MP: 10/12
 19154 | Lair:3   | Identified the dragon-blood talisman "Nus Umni" {Str+5
                  | Int-4}
 19890 | Lair:4   | Found a staircase to the Slime Pits.
 20746 | Lair:4   | Reached skill level 19 in Axes
 21259 | Lair:5   | Entered Level 5 of the Lair of Beasts
 22124 | Lair:5   | Reached XP level 14. HP: 129/129 MP: 13/13
 22603 | Lair:5   | Reached ****** piety under Trog
 22830 | Lair:5   | Reached skill level 20 in Axes
 22865 | Lair:5   | Received a gift from Trog
 22995 | Lair:5   | Identified the ring "Axuhezun" {rC+ Dex+3}
 23474 | Lair:5   | Acquired 714 gold pieces
 23883 | Orc:1    | Entered Level 1 of the Orcish Mines
 23883 | Orc:1    | Noticed Nergalle
 23899 | Orc:1    | Killed Nergalle
 24075 | Orc:1    | Found a runed translucent gate.
 24076 | Orc:1    | Found a runed translucent gate.
 24077 | Orc:1    | Found a runed translucent gate.
 24077 | Orc:1    | Found an opulent altar of Gozag.
 24079 | Orc:1    | Noticed Hiush's ghost (journeyman OnGl)
 24080 | Orc:1    | Found Ugocoon's Assorted Antiques.
 24093 | Orc:1    | Killed Hiush's ghost
 24118 | Orc:1    | Bought a potion of curing for 72 gold pieces
 24118 | Orc:1    | Bought a potion of haste for 240 gold pieces
 24118 | Orc:1    | Bought a viscous emerald potion for 21 gold pieces
 24294 | Orc:1    | Noticed Erica
 24301 | Orc:1    | Killed Erica
 24363 | Orc:2    | Entered Level 2 of the Orcish Mines
 24416 | Orc:2    | Found Elaytalo's Antique Armour Emporium.
 24427 | Orc:2    | Bought a pitted plate armour for 728 gold pieces
 24427 | Orc:2    | Identified the +0 plate armour of the Moon {rN+ Will+} (You
                  | bought it in a shop on level 2 of the Orcish Mines)
 24432 | Orc:2    | Found a frozen archway.
 24526 | IceCv    | Entered an ice cave
 24665 | IceCv    | Received a gift from Trog
 24851 | Orc:2    | Found a staircase to the Elven Halls.
 24854 | Orc:2    | Found a roughly hewn altar of Beogh.
 24879 | Orc:1    | Noticed Fannar
 24893 | Orc:1    | Killed Fannar
 25555 | Orc:2    | Noticed Saint Roka
 25555 | Orc:2    | Noticed Nessos
 25842 | Orc:2    | Nessos changed into Nessos the culicivora
 25842 | Orc:2    | Noticed Nessos
 25851 | Orc:1    | Killed Nessos the culicivora
 25882 | Orc:2    | Killed Saint Roka
 25883 | Orc:2    | Reached skill level 15 in Fighting
 26042 | Orc:2    | Noticed Donald
 26055 | Orc:2    | Killed Donald
 26174 | Orc:2    | Found Pitothrun's Book Emporium.
 26233 | Orc:2    | Found a radiant altar of Vehumet.
 26233 | Orc:2    | Noticed Erolcha
 26234 | Orc:2    | Noticed Snorg
 26245 | Orc:2    | Killed Erolcha
 26248 | Orc:2    | Killed Snorg
 26365 | Orc:2    | Found Loil's Distillery.
 26385 | Orc:2    | Reached XP level 15. HP: 140/140 MP: 7/14
 26418 | Orc:2    | Bought a potion of curing for 33 gold pieces
 26418 | Orc:2    | Bought a potion of curing for 33 gold pieces
 26418 | Orc:2    | Bought 2 potions of lignification for 66 gold pieces
 26418 | Orc:2    | Bought 2 potions of enlightenment for 110 gold pieces
 26418 | Orc:2    | Bought a potion of might for 44 gold pieces
 26418 | Orc:2    | Bought a potion of ambrosia for 88 gold pieces
 26418 | Orc:2    | Bought a potion of curing for 33 gold pieces
 26445 | Orc:2    | Found an ancient bone altar of Kikubaaqudgha.
 26466 | Orc:2    | Found a roughly hewn altar of Beogh.
 26466 | Orc:2    | Found Sumom's Antique Armour Emporium.
 26534 | Orc:2    | Found Lezxeuhe's Jewellery Shoppe.
 26542 | Orc:2    | Bought the ring of the Salmon {rElec Str+4 Slay+4 Stlth+}
                  | for 734 gold pieces
 26542 | Orc:2    | Bought the ring "Nuijudd" {rElec rPois rF+ rCorr} for 585
                  | gold pieces
 26542 | Orc:2    | Bought an amulet of regeneration for 360 gold pieces
 26844 | D:12     | Found the +2 pair of slick slippers {slick, slippery, EV+4}
 26867 | D:12     | Noticed Sonja
 26879 | D:12     | Killed Sonja
 27006 | D:12     | Found a runed translucent door.
 27029 | D:12     | Noticed Urug
 27039 | D:12     | Killed Urug
 27083 | D:12     | Identified the +1 chain mail "Gemeurgh" {Slay+3}
 27251 | D:12     | Received a gift from Trog
 27471 | D:12     | Found the +7 great mace "Firestarter" {flame, immolate,
                  | rFlCloud rF++}
 27498 | D:12     | Identified the +7 morningstar "Mequna" {holy, Will+ SInv}
 27769 | D:12     | Reached skill level 15 in Armour
 28374 | D:13     | Found a gate to the Vaults.
 28958 | D:14     | Noticed Agnes
 29196 | Snake:1  | Entered Level 1 of the Snake Pit
 29615 | Snake:1  | Reached XP level 16. HP: 134/157 MP: 15/15
 30144 | Snake:2  | Found a flickering gateway to a bazaar.
 30153 | Bazaar   | Entered a bazaar
 30172 | Bazaar   | Found Paza's Distillery.
 30197 | Bazaar   | Found Xidiq's Distillery.
 30237 | Bazaar   | Found Vaiter's Magic Scroll Shoppe.
 30263 | Bazaar   | Found Kekemidoo's Magic Scroll Shoppe.
 30310 | Bazaar   | Bought a potion of curing for 54 gold pieces
 30310 | Bazaar   | Bought a potion of haste for 180 gold pieces
 30338 | Bazaar   | Bought a potion of haste for 140 gold pieces
 30338 | Bazaar   | Bought a potion of curing for 42 gold pieces
 30338 | Bazaar   | Bought a potion of curing for 42 gold pieces
 30653 | Snake:2  | Reached skill level 15 in Dodging
 32328 | Snake:3  | Found Jarri's Magic Scroll Shoppe.
 32349 | Snake:3  | Bought a scroll of brand weapon for 133 gold pieces
 32628 | Snake:4  | Entered Level 4 of the Snake Pit
 32868 | Snake:4  | Identified the +2 battleaxe "Xiqunio" {heavy, *Slow rF+
                  | Str+3} (Trog gifted it to you on level 4 of the Snake Pit)
 32868 | Snake:4  | Received a gift from Trog
 33496 | Snake:4  | Reached skill level 21 in Axes
 33498 | Snake:4  | HP: 7/162 [naga sharpshooter/arrow (17)]
 33636 | Snake:4  | Reached XP level 17. HP: 170/170 MP: 16/16
 34082 | Snake:4  | Got a serpentine rune of Zot
 34211 | Snake:4  | Reached skill level 22 in Axes
 34222 | Snake:4  | Received a gift from Trog
 34623 | Swamp:1  | Entered Level 1 of the Swamp
 34969 | Swamp:1  | Reached skill level 23 in Axes
 35108 | Swamp:1  | Noticed Jorgrun
 35119 | Swamp:1  | Killed Jorgrun
 35620 | Swamp:2  | Noticed Frances
 35625 | Swamp:1  | Killed Frances
 35826 | Swamp:2  | Received a gift from Trog
 36028 | Swamp:2  | Noticed Louise
 36039 | Swamp:2  | Killed Louise
 36040 | Swamp:2  | Reached skill level 24 in Axes
 36426 | Swamp:3  | Reached skill level 1 in Throwing
 36748 | Swamp:3  | Noticed Mara
 36762 | Swamp:3  | Reached XP level 18. HP: 178/178 MP: 17/17
 36779 | Swamp:3  | Killed Mara
 37097 | Swamp:4  | Entered Level 4 of the Swamp
 37553 | Swamp:4  | Reached skill level 5 in Throwing
 38032 | Swamp:4  | Noticed the 27-headed Lernaean hydra
 38051 | Swamp:4  | Killed the 22-headed Lernaean hydra
 38373 | Swamp:4  | Got a decaying rune of Zot
 38377 | Swamp:4  | Acquired 935 gold pieces
 38707 | Vaults:1 | Entered Level 1 of the Vaults
 38799 | Vaults:1 | Received a gift from Trog
 40548 | Vaults:2 | You fall into a shaft and drop 2 floors!
 40601 | Vaults:4 | Reached XP level 19. HP: 178/185 MP: 18/18
 41079 | Vaults:4 | Received a gift from Trog
 42186 | Vaults:3 | Identified the +0 tower shield "Romeocej" {rC+ Dex+2}
 42584 | Vaults:2 | Found a staircase to the Crypt.
 42656 | Vaults:2 | Received a gift from Trog
 42743 | Vaults:2 | Reached skill level 10 in Throwing
 42746 | Vaults:2 | HP: 4/277 [vault warden/+1 war axe (19)]
 42753 | Vaults:2 | Slain by a yaktaur captain

Illustrated notes

Levels and vault maps discovered:
D:1:      lordsloth_arrival_two_stooges, layout_rooms, st_stairs_13
D:2:      layout_basic, ebering_ecumenical_altar_hall, basic_altar, uniq_jessica
D:3:      minmay_chambers_of_threes, layout_basic,
          nicolae_dithmenos_shadow_blocks, st_stairs_7
D:4:      layout_loops_ring, grunt_nemelex_the_gamble, portal_sewer_entry_d,
          uniq_ijyb, uniq_edmund
D:5:      layout_loops_ring, lemuel_coloured_pillars_altar,
          minmay_temple_entry_slanted, gammafunk_ghost_hive
D:6:      layout_cave_pools, gammafunk_temple_overflow_elements,
          chei_slow_surprise, nicolae_ossuary_entry_catacombs, kennysheep_dice,
          uniq_pikel, uniq_maggie
D:7:      layout_basic, kennysheep_little_box, uniq_prince_ribbit1,
          uniq_jeremiah
D:8:      hangedman_cross_stitches, layout_cave_pools, enter_bailey_6
D:9:      layout_layer_cave, zin_statuary, uniq_psyche
D:10:     layout_basic, serial_shops, shop, minmay_misc_feat_nine_boxes
D:11:     layout_stronghold, hellmonk_lair_entry_icy, david_orc_2, uniq_maurice
D:12:     minmay_the_grid_3x2 [minmay_the_grid_small_cups,
          minmay_the_grid_tiny_cups, minmay_the_grid_plusring,
          minmay_the_grid_stretched_grid, minmay_the_grid_all_tris,
          minmay_the_grid_prize_trominoes], layout_rooms,
          nicolae_guarded_unrand_slippers, uniq_urug, uniq_sonja
D:13:     layout_basic, lightli_vaults_fourway_checkpoint
D:14:     layout_cave_pools, chequers_serial_rivers_small_b, uniq_agnes,
          uniq_kirke
Lair:1:   layout_cellular_growth, gammafunk_ghost_split
Lair:2:   layout_regular_city, swamp_mist_pool, guppyfry_snake_entry_island,
          serial_bayou_shore_a
Lair:3:   layout_chaotic_city
Lair:4:   regret_index_combs_of_tragedy, layout_loops_ring,
          nicolae_slime_entry_field_trip, serial_rivers,
          chequers_serial_rivers_marsh, chequers_serial_rivers_small_3,
          chequers_serial_rivers_room_b, chequers_serial_rivers_micro_c,
          chequers_serial_rivers_room_b, lemuel_fruit_fields
Lair:5:   minmay_lair_end_frog_pond, layout_cave_pods, minivault_27,
          grunt_megastairs_1
Swamp:1:  layout_basic_swamp, nicolae_swamp_very_dense_foliage, uniq_jorgrun
Swamp:2:  layout_falls_marsh, evilmike_swamp_ruin_house_2, swamp_pool_5,
          uniq_frances, uniq_louise
Swamp:3:  layout_basic_swamp, evilmike_swamp_ruin_house_1, swamp_pool_1_2,
          uniq_mara
Swamp:4:  grunt_swamp_rune_castle, layout_basic_swamp
Snake:1:  layout_onion_interference, drop_trap, nicolae_snake_single_loop
Snake:2:  nicolae_snake_hallway, layout_basic, serial_shops, freezing_bzr
Snake:3:  layout_basic, minmay_shop_star
Snake:4:  grunt_snake_rune_spirals, layout_onion_interference
Orc:1:    layout_caves, ebering_ghost_gozag, uniq_erica, uniq_nergalle,
          uniq_fannar
Orc:2:    kennysheep_orc_mage_school, layout_caves, serial_shops, shop,
          basic_altar, portal_ice_cave_rime, uniq_nessos, uniq_donald,
          uniq_snorg, uniq_saint_roka
Vaults:1: vaults_room_pools, nicolae_vaults_closet_pinwheel_2,
          nicolae_vaults_closet_pinwheel_1, nicolae_vaults_storage_room_statues,
          nicolae_vaults_variable_pillar_hall, nicolae_vaults_alarming,
          vaults_room_grid, nicolae_vaults_theta, layout_vaults_omnigrid
Vaults:2: nicolae_vaults_back_hallway, nicolae_vaults_closet_pinwheel_6,
          v_pattern_1, minmay_crypt_entry_simple_walls, v_misc_26,
          nicolae_vaults_swerve, nicolae_vaults_apartment_1, v_misc_5,
          nicolae_vaults_tetromino_Z_2, nicolae_vaults_border_crossing,
          nicolae_vaults_sightless_eye, nicolae_vaults_double_plus_1,
          nicolae_vaults_double_plus_2, nicolae_vaults_shelves_hall,
          layout_vaults_maze_bifur, serial_shops, shop
Vaults:3: v_pattern_3, vaults_standard_mumra_enter_the_diamond,
          nicolae_vaults_tetromino_T_1, v_misc_3,
          nicolae_vaults_offset_grid_hallway_4,
          serial_library_regret_index_small_wings, hangedman_vaults_locks,
          nicolae_vaults_closet_pinwheel_2, nicolae_vaults_turnstiles,
          v_misc_16, nicolae_vaults_tetromino_T_1, nicolae_vaults_rhombus_6,
          nicolae_vaults_trapezoid_lopsided_4, ontoclasm_vaults_hangar,
          layout_vaults_omnibox
Vaults:4: nicolae_vaults_storage_closets_2,
          nicolae_vaults_offset_grid_hallway_1, v_misc_26,
          ontoclasm_vaults_fault, nicolae_vaults_surprise_closet_hard,
          nicolae_vaults_diamond_2, vaults_mumra_hex, ontoclasm_vaults_gateway,
          vaults_room_pool, nicolae_vaults_tetromino_Z_2, vaults_mumra_hexcomb,
          nicolae_vaults_two_Ls, layout_vaults_omnicross

Skill      XL: |  1  2  3  4  5  6  7  8  9 10 11 12 13 14 15 16 17 18 19 |
---------------+----------------------------------------------------------+-----
Axes           | 4 5 6 7 9 11 14 16 18 19 20 21 24 | 24.0
Fighting       | 4 5 6 7 8 10 11 13 15 18 20 | 20.0
Armour         | 3 4 5 6 8 10 11 12 14 15 17 19 20 | 20.0
Dodging        | 3 4 5 6 7 9 10 11 13 14 15 16 18 | 18.5
Throwing       | 3 8 10 | 10.1

Action                     |  1- 3 |  4- 6 |  7- 9 | 10-12 | 13-15 | 16-18 | 19-21 || total
---------------------------+-------+-------+-------+-------+-------+-------+-------++-------
  Melee: Hand axe          |    90 |   182 |   149 |   130 |       |       |       ||   551
         Headbutt          |     9 |    25 |    45 |   146 |   245 |   212 |    62 ||   744
         War axe           |       |       |    56 |       |       |       |       ||    56
         Battleaxe         |       |       |       |   506 |  1016 |   204 |       ||  1726
         Dire flail        |       |       |       |     7 |    43 |       |       ||    50
         Great mace        |       |       |       |       |    19 |       |       ||    19
         Executioner's axe |       |       |       |       |       |   664 |   213 ||   877
  Throw: Stone             |     2 |    11 |     2 |     6 |    23 |       |       ||    44
         Javelin           |       |       |    11 |     3 |     3 |       |       ||    17
         Dart              |       |       |    20 |    14 |    17 |     3 |       ||    54
         Boomerang         |       |       |       |       |       |    32 |     1 ||    33
 Invoke: Berserk           |     1 |     3 |     3 |    13 |     5 |     2 |     1 ||    28
         Trog's Hand       |       |     2 |     3 |    10 |    17 |     6 |       ||    38
         Brothers in Arms  |       |       |       |       |    10 |     3 |       ||    13
  Evoke: Wand              |       |       |       |     3 |     7 |       |       ||    10
         Box of beasts     |       |       |       |     1 |     3 |     1 |       ||     5
    Use: Scroll            |       |    13 |     4 |     7 |    12 |     9 |       ||    45
         Potion            |       |       |       |       |     3 |     3 |       ||     6
   Stab: Petrified         |       |       |       |       |     1 |       |       ||     1
 Armour: Animal skin       |     8 |       |       |       |       |       |       ||     8
         Leather armour    |    35 |       |       |       |       |       |       ||    35
         Ring mail         |    12 |    31 |       |       |       |       |       ||    43
         Chain mail        |       |    98 |   138 |   103 |       |       |       ||   339
         Plate armour      |       |       |       |   318 |   860 |   841 |   145 ||  2164
  Dodge: Dodged            |    48 |    93 |    82 |   395 |   714 |   672 |   130 ||  2134

Table legend: (Time is in decaauts)
 A = Elapsed time spent in this place.
 B = Non-inter-level travel time spent in this place.
 C = Inter-level travel time spent in this place.
 D = Time resting spent in this place.
 E = Time spent auto-exploring this place.
 F = Levels seen in this place.
 G = Mean time per level.
                   A        B        C        D        E       F      G
               +--------+--------+--------+--------+--------+-----+--------+
         Total |  42659 |  39693 |   2966 |   8295 |  20516 |  38 | 1122.6 |
       Dungeon |  16248 |  14655 |   1593 |   2865 |   7549 |  14 | 1160.6 |
          Lair |   7978 |   7385 |    593 |   1726 |   3652 |   5 | 1595.6 |
         Swamp |   3855 |   3662 |    193 |   1128 |   1684 |   4 |  963.8 |
     Snake Pit |   4966 |   4583 |    383 |    875 |   2293 |   4 | 1241.5 |
  Orcish Mines |   2556 |   2431 |    125 |    756 |   1085 |   2 | 1278.0 |
        Vaults |   3931 |   3854 |     77 |    119 |   2967 |   4 |  982.8 |
        Bazaar |    200 |    200 |      0 |      0 |    134 |   1 |  200.0 |
         Sewer |   1004 |   1004 |      0 |    147 |    536 |   1 | 1004.0 |
       Ossuary |    352 |    352 |      0 |     35 |    193 |   1 |  352.0 |
        Bailey |   1257 |   1257 |      0 |    567 |    308 |   1 | 1257.0 |
      Ice Cave |    307 |    307 |      0 |     74 |    113 |   1 |  307.0 |
               +--------+--------+--------+--------+--------+-----+--------+

Top non-repeatable levels by time:
  Lair:5: 2432 daAuts
    D:10: 1821 daAuts
 Snake:4: 1819 daAuts
  Lair:4: 1716 daAuts
     D:2: 1526 daAuts
     D:3: 1448 daAuts
  Lair:2: 1434 daAuts
  Lair:1: 1404 daAuts
     D:6: 1389 daAuts
 Swamp:4: 1365 daAuts
     D:1: 1363 daAuts
 Snake:2: 1360 daAuts
    D:11: 1327 daAuts
   Orc:2: 1326 daAuts
     D:7: 1267 daAuts
